 Dungeon Sprint DCSS version 0.27-a0-1200-g94dc6ad4cf (webtiles) character file.

Game seed: 13561547051184106303

4761 Conn the Thaumaturge (level 10, -9/60 HPs)
             Began as an Octopode Hedge Wizard on May 30, 2021.
             Was an Elder of Sif Muna.
             Mangled by a chaos spawn (16 damage)
             ... summoned by a kobold demonologist
             ... while paralysed by a floating eye
             ... in the Dungeon (Sprint I: "Red Sonja").
             The game lasted 00:26:20 (4356 turns).

Conn the Thaumaturge (Octopode Hedge Wizard)        Turns: 4356, Time: 00:26:20

Health: -9/60      AC:  1    Str: 15    XL:     10   Next: 47%
Magic:  30/36      EV:  2    Int: 19    God:    Sif Muna [****..]
Gold:   6          SH:  0    Dex: 11    Spells: 23/36 levels left

rFire    + . .     SeeInvis .   b - staff of fire
rCold    . . .     Faith    .   o - +3 warlock's mirror {reflect}
rNeg     . . .     Spirit   .   n - +0 hat
rPois    .         Reflect  +   (no amulet)
rElec    .         Harm     .   j - ring of wizardry
rCorr    .         Rampage  .   d - +6 ring of strength
Will     .....     Rnd*Rage +   f - ring of magical power Stlth ++++......NoTele +
                                (no ring)
HPRegen  0.00/turn              (no ring)
MPRegen  0.25/turn              (no ring)
                                (no ring)
                                (no ring)

@: paralysed, unable to read
A: almost no armour, amphibious, 8 rings, camouflage 1, gelatinous body 1,
(nimble swimmer 1), tentacles, berserk 1, clumsy 1, inhibited regeneration,
inability to read while threatened
a: Renounce Religion, Channel Magic, Forget Spell, Divine Exegesis


You were in the Dungeon.
You worshipped Sif Muna.
Sif Muna was greatly pleased with you.
You visited 1 branch You collected 1046 gold pieces.
You spent 1040 gold pieces at shops.

Inventory:

Hand Weapons
 a - a +2 short sword of venom
 m - a +0 dagger
Armour
 h - a +0 kite shield
 n - a +0 hat (worn)
 o - the +3 warlock's mirror (worn) {reflect}
   (You bought it in a shop in the Dungeon)
Magical Staves
 b - a staff of fire (weapon)
Jewellery
 d - a +6 ring of strength (right tentacle)
 f - a ring of magical power (on tentacle)
 j - a ring of wizardry (left tentacle)
Wands
 l - a wand of digging (5)
Scrolls
 c - a scroll of torment {unknown}
 e - a scroll of holy word {unknown}
 i - a scroll of blinking
Potions
 g - a potion of magic


   Skills:
 + Level 1.8 Fighting
 + Level 2.6 Short Blades
 + Level 1.8 Staves
 + Level 0.3 Throwing
 + Level 3.6 Dodging
 + Level 5.9 Stealth
 * Level 5.3 Shields
 * Level 13.5 Spellcasting
 * Level 7.7 Conjurations
 + Level 8.9 Summonings
 - Level 5.2 Translocations
 * Level 7.5 Fire Magic
 + Level 5.2 Air Magic
 - Level 5.5 Poison Magic
 * Level 7.1 Invocations


You had 23 spell levels left.
You knew the following spells:

 Your Spells              Type           Power      Damage    Failure   Level
a - Magic Dart            Conj           100%       1d8       1%          1
b - Blink                 Tloc           N/A        N/A       1%          2
c - Call Imp              Summ           46%        N/A       1%          2
d - Slow                  Hex            12%        N/A       3%          2
e - Conjure Flame         Conj/Fire      58%        6-21      1%          3
f - Mephitic Cloud        Conj/Pois/Air  36%        N/A       1%          3

Your spell library contained the following spells:

 Spells                   Type           Power      Damage    Failure   Level


Dungeon Overview and Level Annotations

Branches:
Dungeon (1/1)

Altars:
Cheibriados
Dithmenos
Elyvilon
Fedhas
Gozag
Hepliaklqana
Kikubaaqudgha
Makhleb
Nemelex Xobeh
Okawaru
Qazlal
Ru
Sif Muna
Trog
Uskayaw
Vehumet
Wu Jian
Xom
Yredelemnul
Zin
The Shining One
Jiyva
Lugonu

Shops:
D [*(=[=[

Annotations:
D exclusion: oklob plant


Innate Abilities, Weirdness & Mutations

You cannot wear most types of armour.
You are amphibious.
You can wear up to eight rings at the same time.
Your skin changes colour to match your surroundings (Stealth+).
Your rubbery body absorbs attacks. (AC +1, EV +1)
((You are camouflaged near water. (Stealth+)))
You have tentacles for arms and can constrict up to eight enemies at once.
You tend to lose your temper in combat.
You are clumsy. (Dex -2)
You do not regenerate when monsters are visible.
You sometimes lose the ability to read scrolls when taking damage.


Message History

Okay, then.
Unknown command.
Unknown command.
Unknown command.
You hit the kobold demonologist but do no damage.
The kobold demonologist is lightly wounded.
You are engulfed in noxious fumes.
You choke on the stench!
You are more confused.
* * * LOW HITPOINT WARNING * * *
The kobold demonologist is engulfed in noxious fumes.
The kobold demonologist appears confused.
The kobold demonologist misses you.
The kobold demonologist is engulfed in noxious fumes.
The kobold demonologist appears confused.
The chaos spawn barely misses you.
The kobold demonologist is engulfed in noxious fumes.
The kobold demonologist appears confused.
The kobold demonologist hits the chaos spawn with a +0 dagger.
You hit the kobold demonologist. You burn the kobold demonologist.
The kobold demonologist is moderately wounded.
You are engulfed in noxious fumes.
* * * LOW HITPOINT WARNING * * *
The kobold demonologist is engulfed in noxious fumes.
The kobold demonologist shouts, "What's happening?!"
The floating eye is engulfed in noxious fumes.
The chaos spawn closely misses you.
The kobold demonologist is engulfed in noxious fumes.
The kobold demonologist appears confused.
You are engulfed in noxious fumes.
The chaos spawn misses you.
The kobold demonologist is engulfed in noxious fumes.
The kobold demonologist appears confused.
You see here a curare-tipped dart.
Unknown command.
Okay, then.
You closely miss the chaos spawn.
The chaos spawn is lightly wounded.
You feel less confused.
The floating eye gazes piercingly through you!
You suddenly lose the ability to move!
The chaos spawn gores you!
You die...

######################
.)'5.#..'..#__#4GK..(#
..#..').#..'..'.@#...#
####5#####'#__#### ..+
###..#...#.####..#####
__####..##.#≈≈≈.§#.§#
_____##'#_.'§≈≈§.§.§#
_.∩...'..._#§§≈§§#..#
_..__##_.#'##'#####+#
_____###'#[#..))###P+
########.####§###.###


You could see a kobold demonologist (confused), a chaos spawn (summoned) and a
floating eye.

Vanquished Creatures
  2 centaur warriors (D)
  Sonja (D)
  A deep troll (D)
  2 shining eyes (D)
  A hornet (D)
  Sigmund (D)
  An ogre (D)
  A jelly (D)
  Ijyb (D)
  A ballistomycete spore (D)
12 creatures vanquished.

Vanquished Creatures (collateral kills)
  6 shining eyes (D)
  A slime creature (D)
  A yak (D)
  4 floating eyes (D)
12 creatures vanquished.

Vanquished Creatures (others)
  A gargoyle (D)
  A ballistomycete spore (D)
2 creatures vanquished.

Grand Total: 26 creatures vanquished

Notes
Turn   | Place    | Note
-------+----------+-------------------------------------------
     0 | D        | Conn the Octopode Hedge Wizard began the quest for the Orb.
     0 | D        | Reached XP level 1. HP: 11/11 MP: 4/4
     1 | D        | Noticed Ijyb
    16 | D        | Killed Ijyb
    17 | D        | Reached skill level 1 in Short Blades
    17 | D        | Reached skill level 5 in Spellcasting
    17 | D        | Reached XP level 2. HP: 17/17 MP: 2/8
    17 | D        | Reached XP level 3. HP: 21/21 MP: 2/9
    66 | D        | Learned a level 2 spell: Blink
    69 | D        | Learned a level 2 spell: Call Imp
    72 | D        | Learned a level 2 spell: Slow
    76 | D        | Learned a level 3 spell: Conjure Flame
   190 | D        | Killed a gargoyle
   196 | D        | Noticed an ogre
   204 | D        | Killed an ogre
   205 | D        | Reached skill level 6 in Spellcasting
   205 | D        | Reached skill level 1 in Fire Magic
   205 | D        | Reached XP level 4. HP: 27/27 MP: 2/12
   223 | D        | Learned a level 3 spell: Mephitic Cloud
   794 | D        | Noticed Sigmund
   803 | D        | Killed Sigmund
   804 | D        | Reached skill level 7 in Spellcasting
   804 | D        | Reached skill level 1 in Air Magic
   804 | D        | Reached XP level 5. HP: 32/32 MP: 5/14
   879 | D        | Found an ornate altar of the Wu Jian Council.
   879 | D        | Found a shimmering blue altar of Sif Muna.
   881 | D        | Found a radiant altar of Vehumet.
   917 | D        | Became a worshipper of Sif Muna the Loreminder
   930 | D        | Found Von Zune's Jewellery Emporium.
   930 | D        | Found an ancient bone altar of Kikubaaqudgha.
   930 | D        | Found a hazy altar of Hepliaklqana.
   930 | D        | Found a stormy altar of Qazlal.
   930 | D        | Found a hide-covered altar of Uskayaw.
   930 | D        | Found a blossoming altar of Fedhas.
   930 | D        | Found a bloodstained altar of Trog.
   930 | D        | Found an iron altar of Okawaru.
   930 | D        | Found a basalt altar of Yredelemnul.
   930 | D        | Found a glowing golden altar of the Shining One.
   930 | D        | Found a snail-covered altar of Cheibriados.
   930 | D        | Found a sacrificial altar of Ru.
   930 | D        | Found a glowing silver altar of Zin.
   930 | D        | Found a shadowy altar of Dithmenos.
   930 | D        | Found a white marble altar of Elyvilon.
   930 | D        | Noticed a yak
   931 | D        | Found an opulent altar of Gozag.
   938 | D        | Killed a yak
   939 | D        | Reached skill level 8 in Spellcasting
   939 | D        | Reached skill level 1 in Invocations
   939 | D        | Reached XP level 6. HP: 19/37 MP: 11/17
   943 | D        | Found a sparkling altar of Nemelex Xobeh.
   958 | D        | Found a burning altar of Makhleb.
   958 | D        | Found a viscous altar of Jiyva.
   958 | D        | Found a shimmering altar of Xom.
   958 | D        | Found a corrupted altar of Lugonu.
   958 | D        | Noticed a slime creature
  1106 | D        | Killed a slime creature
  1173 | D        | Bought a ring of wizardry for 360 gold pieces
  1384 | D        | Noticed Sonja
  1399 | D        | Killed Sonja
  1399 | D        | Reached * piety under Sif Muna
  1400 | D        | Reached skill level 5 in Stealth
  1400 | D        | Reached skill level 9 in Spellcasting
  1400 | D        | Reached skill level 5 in Summonings
  1400 | D        | Reached XP level 7. HP: 42/42 MP: 7/20
  1562 | D        | Found Meet Nuu's Armour Boutique.
  1582 | D        | Noticed a deep troll
  1624 | D        | Killed a deep troll
  1625 | D        | Reached skill level 1 in Fighting
  1625 | D        | Reached skill level 10 in Spellcasting
  1625 | D        | Reached skill level 5 in Conjurations
  1625 | D        | Reached skill level 5 in Translocations
  1625 | D        | Reached skill level 5 in Fire Magic
  1625 | D        | Reached skill level 5 in Poison Magic
  1625 | D        | Reached XP level 8. HP: 25/48 MP: 0/22
  1782 | D        | Found Jupul's Armour Emporium.
  1812 | D        | Bought the +3 warlock's mirror {reflect} for 440 gold
                  | pieces
  1812 | D        | Found the +3 warlock's mirror {reflect}
  2230 | D        | Noticed a shining eye
  2230 | D        | Noticed a shining eye
  2230 | D        | Noticed a shining eye
  3105 | D        | Paralysed by a floating eye for 2 turns
  3112 | D        | Paralysed by a floating eye for 4 turns
  3139 | D        | Killed a shining eye
  3139 | D        | Reached ** piety under Sif Muna
  3139 | D        | Noticed a shining eye
  3140 | D        | Reached skill level 1 in Shields
  3158 | D        | Killed a shining eye
  3159 | D        | Reached skill level 11 in Spellcasting
  3159 | D        | Reached XP level 9. HP: 53/53 MP: 22/24
  3193 | D        | Gained mutation: You sometimes lose the ability to read
                  | scrolls when taking damage. [a shining eye]
  3214 | D        | Gained mutation: You do not regenerate when monsters are
                  | visible. [a shining eye]
  3228 | D        | Gained mutation: You tend to lose your temper in combat. [a
                  | shining eye]
  3232 | D        | Gained mutation: You are clumsy. (Dex -2) [a shining eye]
  3237 | D        | Killed a shining eye
  3238 | D        | Reached skill level 5 in Invocations
  3239 | D        | Noticed a shining eye
  3250 | D        | Killed a shining eye
  3250 | D        | Reached *** piety under Sif Muna
  3251 | D        | Reached skill level 1 in Staves
  3267 | D        | Killed a shining eye
  3268 | D        | Reached skill level 12 in Spellcasting
  3466 | D        | Noticed a shining eye
  3469 | D        | Paralysed by a floating eye for 3 turns
  3476 | D        | Noticed a shining eye
  3476 | D        | Noticed a shining eye
  3497 | D        | Killed a shining eye
  3505 | D        | Reached **** piety under Sif Muna
  3518 | D        | Killed a shining eye
  3540 | D        | Killed a shining eye
  3541 | D        | Reached XP level 10. HP: 58/58 MP: 26/26
  3543 | D        | Found Wybbirph's Assorted Antiques.
  3543 | D        | Found Sioqaiqo's Armour Shop.
  3543 | D        | Found Ivvetrac's Weapon Emporium.
  3543 | D        | Found Nanne's Jewellery Boutique.
  3620 | D        | Noticed a centaur warrior
  3871 | D        | Noticed a centaur warrior
  3890 | D        | Noticed an oklob plant
  3902 | D        | HP: 2/58 [centaur warrior (14)]
  3904 | D        | Killed a centaur warrior
  3905 | D        | Reached skill level 13 in Spellcasting
  3905 | D        | Reached skill level 5 in Air Magic
  4228 | D        | Killed a centaur warrior
  4229 | D        | Reached skill level 5 in Shields
  4319 | D        | Bought a ring of magical power for 240 gold pieces
  4343 | D        | Noticed a kobold demonologist
  4343 | D        | Noticed a kobold demonologist
  4345 | D        | Paralysed by a floating eye for 3 turns
  4356 | D        | Paralysed by a floating eye for 4 turns
  4356 | D        | Mangled by a chaos spawn

Illustrated notes

Levels and vault maps discovered:
D:        dungeon_sprint_1 [red_sonja_temple_1, red_sonja_temple_small_1]

Skill      XL: |  1  2  3  4  5  6  7  8  9 10 |
---------------+-------------------------------+-----
Short Blades   | 1 2 |  2.6
Dodging        | 3 |  3.6
Stealth        | 3 4 5 |  5.9
Spellcasting   | 5 6 7 8 9 10 11 12 13 | 13.5
Conjurations   | 2 3 4 5 7 |  7.7
Fire Magic     | 1 2 3 4 5 6 7 |  7.5
Summonings     | 2 4 5 6 8 |  8.9
Translocations | 2 3 4 5 |  5.2
Air Magic      | 1 2 4 5 |  5.2
Poison Magic   | 2 3 4 5 |  5.5
Invocations    | 1 3 4 6 7 |  7.1
Fighting       | 1 |  1.8
Shields        | 2 4 5 |  5.3
Staves         | 1 |  1.8
Throwing       | |  0.3

Action                   |  1- 3 |  4- 6 |  7- 9 | 10-12 || total
-------------------------+-------+-------+-------+-------++-------
Melee: Dagger            |     8 |     3 |       |       ||    11
       Constrict         |     1 |       |     4 |       ||     5
       Tentacles         |     1 |       |     4 |     2 ||     7
       Staff             |       |       |    24 |    14 ||    38
Throw: Dart              |       |       |       |     6 ||     6
 Cast: Magic Dart        |     4 |     6 |     9 |    11 ||    30
       Call Imp          |     6 |    21 |    60 |     7 ||    94
       Mephitic Cloud    |       |     1 |     6 |    11 ||    18
       Conjure Flame     |       |     1 |     4 |     3 ||     8
       Blink             |       |       |       |     3 ||     3
Invok: Channel Magic     |       |       |     1 |       ||     1
  Use: Potion            |     1 |       |       |     7 ||     8
       Scroll            |       |       |     1 |       ||     1
 Stab: Sleeping          |       |     2 |       |       ||     2
       Confused          |       |       |     1 |     2 ||     3
Armor: Skin              |       |     1 |       |       ||     1
Dodge: Dodged            |     2 |       |     1 |    13 ||    16
Block: Buckler           |       |       |     4 |    10 ||    14
       Reflection        |       |       |     4 |       ||     4

Table legend: (Time is in decaauts)
 A = Elapsed time spent in this place.
 B = Non-inter-level travel time spent in this place.
 C = Inter-level travel time spent in this place.
 D = Time resting spent in this place.
 E = Time spent auto-exploring this place.
 F = Levels seen in this place.
 G = Mean time per level.
                   A        B        C        D        E       F      G
               +--------+--------+--------+--------+--------+-----+--------+
         Total |   4361 |   4361 |      0 |   3309 |      0 |   1 | 4361.0 |
       Dungeon |   4361 |   4361 |      0 |   3309 |      0 |   1 | 4361.0 |
               +--------+--------+--------+--------+--------+-----+--------+

Top non-repeatable levels by time:
       D: 4361 daAuts
